 Dungeon Crawl Stone Soup version 0.29-a0-876-gfc89b1a5bd (webtiles) character file.

Game seed: 3609828893091881014

8142 RevDB the Bludgeoner (level 11, -1/104 HPs)
             Began as a Minotaur Fighter on July 19, 2022.
             Was a Priest of Okawaru.
             Slain by an orc warrior
             ... wielding a +0 halberd
              (32 damage)
             ... in a bailey.
             The game lasted 01:19:39 (9199 turns).

RevDB the Bludgeoner (Minotaur Fighter)             Turns: 9199, Time: 01:19:40

Health: -1/104     AC: 14    Str: 26    XL:     11   Next: 6%
Magic:  11/13      EV: 11    Int: 13    God:    Okawaru [***...]
Gold:   380        SH: 10    Dex:  9    Spells: 10/10 levels left

rFire   + + +      SeeInvis +   G - +0 morningstar
rCold   x . .      Faith    +   r - +0 kite shield
rNeg    . . .      Spirit   .   f - +0 swamp dragon scales
rPois   +          Reflect  .   (helmet restricted)
rElec   .          Harm     .   M - +1 cloak {rPois}
rCorr   .          Rampage  .   (no gloves)
Will    .....                   F - +0 pair of boots
Stlth   ++........              E - amulet "Xucuttas" {Faith rF+++ Will- Regen+ Int+8}
HPRegen 1.07/turn               l - ring of see invisible
MPRegen 0.13/turn               O - ring of willpower

@: heroic
A: horns 2, retaliatory headbutt, [cold vulnerability 1]
a: Renounce Religion, Heroism


You were in a bailey.
You worshipped Okawaru.
Okawaru was most pleased with you.
You visited 2 branches of the dungeon, and saw 10 of its levels.
You also visited: Bailey.

You collected 380 gold pieces.

Inventory:

Hand Weapons
 n - a +0 great mace
 y - a +1 dire flail of protection
 G - a +0 morningstar (weapon)
 J - a +1 whip of freezing
Missiles
 a - 15 poisoned darts
 b - 2 curare-tipped darts
 c - 3 javelins (quivered)
 g - 83 stones
Armour
 f - +0 swamp dragon scales (worn)
 r - a +0 kite shield (worn)
 A - a +0 chain mail
 F - a +0 pair of boots (worn)
 L - a +3 leather armour of cold resistance
 M - a +1 cloak of poison resistance (worn)
 P - a +0 plate armour
Jewellery
 h - an amulet of magic regeneration
 l - a ring of see invisible (left hand)
 E - the amulet "Xucuttas" (around neck) {Faith rF+++ Will- Regen+ Int+8}
   (You found it on level 6 of the Dungeon)

   [amulet of faith]

   It allows you to gain divine favour quickly.
   Int:       It affects your intelligence (+8).
   rF:        It renders you almost immune to fire.
   Regen:     It increases your rate of health regeneration.
   Will:      It decreases your willpower.
 O - a ring of willpower (right hand)
Wands
 K - a wand of flame (9)
 N - a wand of charming (13)
Scrolls
 i - 2 scrolls of blinking
 k - a scroll of torment
 m - a scroll of enchant armour {unknown}
 p - 7 scrolls of teleportation
 q - 3 scrolls of poison {unknown}
 s - 4 scrolls of magic mapping
 t - 3 scrolls of noise {unknown}
 v - 2 scrolls of brand weapon {unknown}
 w - 3 scrolls of amnesia {unknown}
 H - a scroll of acquirement {unknown}
Potions
 d - 6 potions of might
 e - a potion of invisibility {unknown}
 j - 5 potions of curing
 o - 2 potions of attraction
 u - 2 potions of cancellation {unknown}
 x - 2 potions of degeneration {unknown}
 z - a potion of lignification {unknown}
 B - a potion of flight {unknown}
 C - a potion of ambrosia {unknown}
 D - 2 potions of heal wounds {unknown}
 I - a potion of brilliance {unknown}


   Skills:
 - Level 12.0(17.0) Fighting
 - Level 15.0(20.0) Maces & Flails
 + Level 3.8(8.8) Throwing
 - Level 5.0(10.0) Armour
 - Level 4.0(9.0) Shields
 - Level 4.0 Invocations


You had 10 spell levels left.
You didn't know any spells.
Your spell library contained the following spells:

 Spells                   Type           Power      Damage    Failure   Level
 Necrotise                Necr           0%         1d4       71%         1
 Slow                     Hex            0%         N/A       71%         1
 Sting                    Tmut/Pois      0%         1d3       71%         1
 Scorch                   Fire           0%         2d5       83%         2
 Sublimation of Blood     Necr           0%         N/A       83%         2
 Wereblood                Tmut           0%         N/A       83%         2
 Confusing Touch          Hex            0%         N/A       97%         3
 Dazzling Flash           Conj/Hex       0%         N/A       97%         3
 Frozen Ramparts          Ice            0%         1d2       97%         3
 Vampiric Draining        Necr           0%         2d6       97%         3
 Flame Wave               Conj/Fire      0%         2d4       100%        4
 Ice Form                 Ice/Tmut       0%         N/A       100%        4
 Agony                    Necr           0%         N/A       100%        5
 Silence                  Hex/Air        0%         N/A       100%        5
 Summon Ice Beast         Ice/Summ       Unusable   N/A       N/A         4
 Summon Mana Viper        Hex/Summ       Unusable   N/A       N/A         5
 Summon Cactus Giant      Summ           Unusable   N/A       N/A         6
 Monstrous Menagerie      Summ           Unusable   N/A       N/A         7
 Summon Hydra             Summ           Unusable   N/A       N/A         7

Dungeon Overview and Level Annotations

Branches:
Dungeon (9/15)             Temple (1/1) D:4          Bailey (1/1)
   Lair: D:8-11         Orc: D:9-12

Altars:
Ashenzari
Cheibriados
Dithmenos
Elyvilon
Fedhas
Gozag
Hepliaklqana
Kikubaaqudgha
Makhleb
Nemelex Xobeh
Okawaru
Qazlal
Ru
Sif Muna
Trog
Uskayaw
Vehumet
Wu Jian
Xom
Yredelemnul
Zin
The Shining One

Annotations:
D:9 Psyche


Innate Abilities, Weirdness & Mutations

You have a pair of horns on your head.
You reflexively headbutt those who attack you in melee.
[You are vulnerable to cold. (rC-)]


Message History

You kill the orc warrior!
Okawaru accepts your kill.
You can now speed up your combat.
Things that are here:
a +0 halberd; a +0 scale mail; an orc corpse
There is an open door here.
You swing at nothing.
Things that are here:
a +0 halberd; a +0 scale mail; an orc corpse
There is an open door here.
You open the door. You open the door. You open the gate.
Found a book of Beasts.
Found two gates leading back out of this place.
There is an open gate here.
You see here a book of Beasts.
You pick up a book of Beasts and begin reading...
Unfortunately, you learned nothing new.
You open the door. 2 orc knights and an orc warrior come into view.
The orc knight shouts! x2; The orc warrior shouts!
Found 3 scrolls of enchant weapon and a runed long sword.
The orc knight roars a battlecry!
The orcs go into a battle-frenzy!
There is an open gate here.
The orc knight hits you from afar with a +0 glaive!!
There is an open gate, spattered with blood here.
You barely miss the orc warrior.
The orc warrior hits you with a +0 halberd!
The orc knight hits you from afar with a +0 glaive!
You gain the combat prowess of a mighty hero.
You can no longer speed up your combat.
The orc knight barely misses you. The orc warrior closely misses you.
You furiously retaliate!
You headbutt the orc warrior, but do no damage.
You closely miss the orc warrior.
The orc knight hits you from afar with a +0 glaive!!
* * * LOW HITPOINT WARNING * * *
The orc warrior hits you with a +0 halberd!!
You die...

...[......##..#'#'#..##..........
..........#..##.#)##..#..........
.........##.#########.##.........
.........##.'.#).?#.'.##.........
.....)[..##.###.8.###.##.........
.........##.')#.o.#.'.##..).)....
..[...)))##.####o####.##)))).....
.......))##..##∩.∩##..#..))......
.............##'@o#..##..).).....
........)[)..##.....##.....).....
...≈≈.≈≈≈..))##....##...≈≈≈.≈≈...
..≈≈#.##≈...)#######....≈##.#≈≈..
..≈##.∩#≈...))).........≈#∩.##≈..
..≈#........)))..............#≈..
..≈##.##≈...............≈##.##≈..
..≈≈###≈≈)..............≈≈###≈≈..
...≈≈≈≈≈.................≈≈≈≈≈...


You could see 2 orc knights and an orc warrior (strong).

Vanquished Creatures
  A boulder beetle (D:8)
  A two-headed ogre (D:9)
  2 fire crabs (D:8)
  A lindwurm (D:8)
  Pikel (D:8)
  Maurice (D:8)
  Joseph (D:8)
  Maggie (D:8)
  2 rime drakes (D:8)
  The ghost of nxtlvl the Cutter, an amateur DEMo (D:5)
  Sigmund (D:5)
  9 yaks
  A basilisk (D:8)
  Edmund (D:5)
  A water moccasin (D:8)
  2 sky beasts (D:7)
  9 orc warriors
  3 black bears
  2 ice beasts (D:5)
  5 centaurs
  2 ogres
  2 lemures (D:8)
  A phantom (D:6)
  A kobold brigand (D:6)
  3 bullfrogs (D:7)
  Blork the orc (D:5)
  A necrophage (D:4)
  2 scorpions
  An earth elemental (D:7)
  A howler monkey (D:7)
  3 jellies
  3 gnoll boudas
  7 orc priests
  6 hounds
  6 iguanas
  12 orc wizards
  A mummy (D:6)
  10 adders
  31 gnolls
  3 shadow imps
  A white imp (D:6)
  2 dart slugs
  47 orcs
  6 ball pythons
  4 bats
  8 endoplasms
  8 giant cockroaches
  6 goblins
  8 hobgoblins
  12 jackals
  11 kobolds
  6 quokkas
  4 frilled lizards
  11 rats
277 creatures vanquished.

Vanquished Creatures (others)
  2 fungi (D:6)
  5 plants
7 creatures vanquished.

Grand Total: 284 creatures vanquished

Notes
Turn   | Place    | Note
-------+----------+-------------------------------------------
     0 | D:1      | RevDB the Minotaur Fighter began the quest for the Orb.
     0 | D:1      | Reached XP level 1. HP: 19/19 MP: 0/0
   223 | D:1      | Reached skill level 3 in Maces & Flails
   223 | D:1      | Reached XP level 2. HP: 27/27 MP: 1/1
   905 | D:2      | Reached skill level 4 in Maces & Flails
   905 | D:2      | Reached XP level 3. HP: 33/33 MP: 2/2
  1065 | D:2      | Reached skill level 5 in Maces & Flails
  1070 | D:2      | Reached XP level 4. HP: 15/40 MP: 3/3
  1644 | D:3      | Found a blossoming altar of Fedhas.
  1784 | D:3      | Reached skill level 5 in Fighting
  1893 | D:3      | Found an ornate altar of the Wu Jian Council.
  1925 | D:3      | Found a faded altar of an unknown god.
  1939 | D:3      | Got Plato's Treatise on Evolution
  2117 | D:3      | Reached XP level 5. HP: 48/48 MP: 4/4
  2318 | D:4      | Found a staircase to the Ecumenical Temple.
  2349 | D:4      | Reached skill level 6 in Maces & Flails
  2368 | D:4      | Reached XP level 6. HP: 26/56 MP: 5/5
  2372 | Temple   | Entered the Ecumenical Temple
  2685 | Temple   | Became a worshipper of Qazlal Stormbringer
  3049 | D:4      | Reached skill level 7 in Maces & Flails
  3062 | D:4      | Found a glowing silver altar of Zin.
  3319 | D:5      | Entered Level 5 of the Dungeon
  3380 | D:5      | Reached XP level 7. HP: 36/64 MP: 6/6
  3733 | D:5      | Found a runed translucent door.
  3790 | D:5      | Noticed Edmund
  3802 | D:5      | Killed Edmund
  3803 | D:5      | Reached skill level 8 in Maces & Flails
  3813 | D:5      | Noticed nxtlvl's ghost (amateur DEMo)
  3892 | D:5      | Reached * piety under Qazlal
  3905 | D:5      | Reached skill level 9 in Maces & Flails
  4090 | D:5      | Reached XP level 8. HP: 51/73 MP: 7/7
  4336 | D:5      | Noticed Sigmund
  4357 | D:5      | Killed Sigmund
  4358 | D:5      | Reached skill level 10 in Maces & Flails
  4624 | D:5      | Found a radiant altar of Vehumet.
  4633 | D:5      | Noticed Blork the orc
  4639 | D:5      | Killed Blork the orc
  4640 | D:5      | Reached skill level 11 in Maces & Flails
  4648 | D:5      | Found an ancient bone altar of Kikubaaqudgha.
  4648 | D:5      | Found a shimmering blue altar of Sif Muna.
  4653 | D:5      | Got Kikubaaqudgha's Almanac of Dark Magic
  4766 | D:5      | Found a hazy altar of Hepliaklqana.
  5025 | D:5      | Killed nxtlvl's ghost
  5109 | D:6      | Reached skill level 12 in Maces & Flails
  5765 | D:6      | Reached XP level 9. HP: 70/81 MP: 8/8
  5787 | D:6      | Identified the amulet "Xucuttas" {Faith rF+++ Will- Regen+
                  | Int+8}
  5831 | D:6      | Reached ** piety under Qazlal
  5876 | D:6      | Found a bloodstained altar of Trog.
  5943 | D:6      | Reached skill level 1 in Invocations
  6019 | D:6      | Found a snail-covered altar of Cheibriados.
  6053 | D:6      | Found a shadowy altar of Dithmenos.
  6302 | D:6      | Found a sacrificial altar of Ru.
  6441 | D:7      | Found a basalt altar of Yredelemnul.
  6442 | D:7      | Found an iron altar of Okawaru.
  6444 | D:7      | Found a burning altar of Makhleb.
  6454 | D:7      | Reached skill level 10 in Fighting
  6474 | D:7      | Fell from the grace of Qazlal
  6474 | D:7      | Became a worshipper of Warmaster Okawaru
  6717 | D:7      | Noticed a fire crab
  7020 | D:8      | Found a broken altar of Ashenzari.
  7079 | D:8      | Noticed Pikel
  7093 | D:8      | Killed Pikel
  7093 | D:8      | Reached * piety under Okawaru
  7094 | D:8      | Reached skill level 5 in Armour
  7094 | D:8      | Reached XP level 10. HP: 87/96 MP: 12/12
  7216 | D:8      | Noticed Maggie
  7224 | D:8      | Killed Maggie
  7278 | D:8      | Noticed Joseph
  7299 | D:8      | Killed Joseph
  7299 | D:8      | Reached ** piety under Okawaru
  7300 | D:8      | Reached skill level 1 in Throwing
  7516 | D:8      | Noticed Maurice
  7526 | D:8      | Killed Maurice
  7569 | D:8      | Noticed a fire crab
  7708 | D:8      | Found a white marble altar of Elyvilon.
  7758 | D:8      | Noticed a lindwurm
  7773 | D:8      | Killed a lindwurm
  7940 | D:8      | Reached skill level 13 in Maces & Flails
  7952 | D:8      | Reached *** piety under Okawaru
  8111 | D:8      | Killed a fire crab
  8186 | D:8      | Noticed a boulder beetle
  8186 | D:8      | Noticed a fire crab
  8205 | D:8      | Killed a boulder beetle
  8209 | D:8      | Killed a fire crab
  8372 | D:9      | Noticed a two-headed ogre
  8387 | D:9      | Killed a two-headed ogre
  8387 | D:9      | Received a gift from Okawaru
  8388 | D:9      | Reached skill level 14 in Maces & Flails
  8484 | D:9      | Received a gift from Okawaru
  8522 | D:9      | Noticed Psyche
  8583 | D:9      | Found a flagged portal.
  8593 | Bailey   | Entered a bailey
  8610 | Bailey   | Reached skill level 15 in Maces & Flails
  9014 | Bailey   | Reached XP level 11. HP: 83/104 MP: 13/13
  9170 | Bailey   | Reached **** piety under Okawaru
  9193 | Bailey   | Noticed an orc knight
  9193 | Bailey   | Noticed an orc knight
  9199 | Bailey   | Slain by an orc warrior

Illustrated notes

Levels and vault maps discovered:
D:1:      dpeg_arrival_yet_another_circle, layout_loops_corners
D:2:      minmay_recursive_quarters, layout_basic
D:3:      layout_basic, fedhas_altar_fruit_tree, nzn_wu_jian_council_hall,
          shapermc_ecumenical_altar_rom_forum, corexii_leaking_fountain,
          minmay_fractal_squares_gapless_5
D:4:      layout_basic, kennysheep_mini_moat, minmay_temple_entry_offerings
D:5:      layout_layer_cave, grunt_temple_overflow_magic_moments,
          nicolae_hepliaklqana_hippocampus, ebering_ghost_sewer_d, uniq_sigmund,
          uniq_edmund, uniq_blork_the_orc
D:6:      layout_gridville, lemuel_doored_altar, general_overflow_altar,
          slow_altar_1, nicolae_ru_the_path_less_chosen
D:7:      layout_basic, grunt_temple_overflow_open, minmay_quadrilaterals
D:8:      layout_loops_corners, mainiacjoe_overflow_paths,
          mainiacjoe_overflow_24_doors, uniq_joseph, uniq_pikel, uniq_maggie,
          uniq_maurice
D:9:      layout_irregular_city, enter_bailey_5, gammafunk_ghost_necromancy,
          serial_bayou_pond_a, uniq_grum, uniq_erolcha, uniq_psyche
Temple:   hellmonk_temple_rainy
Bailey:   bailey_polearm_2, bailey

Skill      XL: |  1  2  3  4  5  6  7  8  9 10 11 |
---------------+----------------------------------+-----
Fighting       | 4 5 6 7 8 11 12 | 12.0
Maces & Flails | 3 4 5 6 7 9 12 15 | 15.0
Armour         | 4 5 |  5.0
Shields        | 4 |  4.0
Invocations    | 4 |  4.0
Throwing       | 2 3 |  3.8

Action                   |  1- 3 |  4- 6 |  7- 9 | 10-12 || total
-------------------------+-------+-------+-------+-------++-------
Melee: Flail             |    14 |    48 |    32 |       ||    94
       Headbutt          |    15 |    27 |    55 |    57 ||   154
       Whip              |    78 |   108 |       |       ||   186
       Dire flail        |       |       |   262 |   225 ||   487
       Morningstar       |       |       |       |    90 ||    90
Invok: Heroism           |       |       |       |     2 ||     2
  Use: Scroll            |       |     3 |     1 |     2 ||     6
 Stab: Confused          |       |       |       |     1 ||     1
Armor: Scale mail        |    52 |    50 |    12 |       ||   114
       Chain mail        |       |       |    99 |     1 ||   100
       Swamp dragon scal |       |       |       |   119 ||   119
Dodge: Dodged            |    38 |    71 |    80 |   127 ||   316
Block: Buckler           |    22 |    10 |       |       ||    32
       Kite shield       |       |    32 |     8 |     8 ||    48
       Other             |       |       |    14 |       ||    14

Table legend: (Time is in decaauts)
 A = Elapsed time spent in this place.
 B = Non-inter-level travel time spent in this place.
 C = Inter-level travel time spent in this place.
 D = Time resting spent in this place.
 E = Time spent auto-exploring this place.
 F = Levels seen in this place.
 G = Mean time per level.
                   A        B        C        D        E       F      G
               +--------+--------+--------+--------+--------+-----+--------+
         Total |   9045 |   8688 |    357 |   1645 |   1603 |  11 |  822.3 |
       Dungeon |   8233 |   7876 |    357 |   1439 |   1603 |   9 |  914.8 |
        Temple |    233 |    233 |      0 |    161 |      0 |   1 |  233.0 |
        Bailey |    577 |    577 |      0 |     45 |      0 |   1 |  577.0 |
               +--------+--------+--------+--------+--------+-----+--------+

Top non-repeatable levels by time:
     D:5: 1731 daAuts
     D:6: 1299 daAuts
     D:8: 1291 daAuts
     D:4: 895 daAuts
     D:2: 866 daAuts
     D:1: 744 daAuts
     D:7: 669 daAuts
     D:3: 581 daAuts
  Bailey: 577 daAuts
  Temple: 233 daAuts
     D:9: 154 daAuts
